 Dungeon Crawl Stone Soup version 0.27-a0-95-g5a9077b8ae (webtiles) character file.

Game seed: 3037347363529827466

2 dickylongcocking the Skirmisher (level 1, -1/24 HPs)
             Began as an Ogre Delver on Jan 17, 2021.
             Slain by an orc
             ... wielding a +2 vampiric hand axe
              (3 damage)
             ... on level 6 of the Dungeon.
             The game lasted 00:01:03 (434 turns).

dickylongcocking the Skirmisher (Ogre Delver)        Turns: 434, Time: 00:01:03

Health: -1/24      AC:  3    Str: 15    XL:     1   Next: 30%
Magic:  1/1        EV: 10    Int: 11    God:
Gold:   0          SH:  0    Dex: 10    Spells: 0/0 levels left

rFire    . . .     SeeInvis .   h - +0 mace
rCold    . . .     Faith    .   (no shield)
rNeg     . . .     Spirit   .   a - +0 robe
rPois    .         Reflect  .   (helmet restricted)
rElec    .         Harm     .   (no cloak)
rCorr    .         Rampage  .   (gloves unavailable)
Will     .....                  (boots unavailable)
Stlth    ++........             (no amulet)
HPRegen  0.08/turn              (no ring)
MPRegen  0.07/turn              (no ring)

@: no status effects
A: large, unfitting armour, tough skin 1
a: no special abilities


You were on level 6 of the Dungeon.
You visited 1 branch of the dungeon, and saw 2 of its levels.

Inventory:

Hand Weapons
 h - a +0 mace (weapon)
Armour
 a - a +0 robe (worn)
 d - a +0 cloak
Wands
 f - a wand of digging (3)
Scrolls
 b - a scroll of fog
 c - 2 scrolls of magic mapping
Potions
 e - a potion of haste


   Skills:
 * Level 4.2 Fighting
 * Level 0.0 Maces & Flails
 - Level 1.7 Dodging
 - Level 3.7 Stealth
 - Level 1.7 Unarmed Combat


You couldn't memorise any spells.
You didn't know any spells.
Your spell library was empty.

Dungeon Overview and Level Annotations

Branches:
Dungeon (6/15)
 Temple: D:4-7

Altars:

Annotations:
D:5 1 runed translucent door, hehateme's ghost, novice HOWz


Innate Abilities, Weirdness & Mutations

You are too large for most types of armour.
You have tough skin. (AC +1)


Message History

The adder bites you but does no damage. x2
Unknown command.
An orc comes into view. It is wielding a +2 vampiric hand axe.
The orc shouts!
The bullfrog hits you.
* * * LOW HITPOINT WARNING * * *
The bullfrog closely misses you.
The worker ant bites you but does no damage.
Unknown command.
Unknown command.
A hound zombie comes into view.
An orc comes into view.
It is wielding a +2 short sword of venom.
The bullfrog closely misses you. The adder barely misses you.
Unknown command.
An orc comes into view. It is wielding a +4 quarterstaff.
The bullfrog barely misses you.
Found 27 stones.
Unknown command.
The orc hits you with a +2 vampiric hand axe.
You die...

(.o.... ..........
......o.... .........Z.#
............
#..........## #
##.........o######.. #
##.........B.@.......
####.........nSF........
.............Z.r........
..............c........#
................########
...............##
...............#
...............#
...............#


You could see a necrophage (inner flame), a bullfrog, a centaur, a worker ant
(inner flame), an adder, 3 orcs, a quokka (inner flame) and a quokka skeleton.

Vanquished Creatures
  An orc (D:6)
1 creature vanquished.

Notes
Turn   | Place    | Note
-------+----------+-------------------------------------------
     0 | D:5      | dickylongcocking the Ogre Delver began the quest for the
                  | Orb.
     0 | D:5      | Reached XP level 1. HP: 24/24 MP: 1/1
    52 | D:5      | Noticed an ogre
    69 | D:5      | Noticed a worker ant
    76 | D:5      | Noticed hehateme's ghost (novice HOWz)
    98 | D:6      | Noticed an orc priest
   121 | D:5      | Noticed an orc priest
   122 | D:5      | Noticed a worker ant
   123 | D:5      | Noticed a worker ant
   125 | D:5      | Noticed a sky beast
   380 | D:6      | Noticed an orc wizard
   405 | D:6      | Noticed a necrophage
   414 | D:6      | Noticed a worker ant
   425 | D:6      | Noticed a centaur
   427 | D:6      | Noticed a bullfrog
   434 | D:6      | Slain by an orc

Illustrated notes

Levels and vault maps discovered:
D:5:      layout_cave_pools, ebering_ghost_reflecting_pool,
          kennysheep_generic_room_14, uniq_duvessa
D:6:      layout_layer_cave

Action                   || total
-------------------------++-------
Melee: Unarmed           ||    13
       Punch             ||     1
  Use: Scroll            ||     2
Armor: Robe              ||     3
Dodge: Dodged            ||    10

Table legend: (Time is in decaauts)
 A = Elapsed time spent in this place.
 B = Non-inter-level travel time spent in this place.
 C = Inter-level travel time spent in this place.
 D = Time resting spent in this place.
 E = Time spent auto-exploring this place.
 F = Levels seen in this place.
 G = Mean time per level.
                   A        B        C        D        E       F      G
               +--------+--------+--------+--------+--------+-----+--------+
         Total |    433 |    433 |      0 |    231 |     47 |   2 |  216.5 |
       Dungeon |    433 |    433 |      0 |    231 |     47 |   2 |  216.5 |
               +--------+--------+--------+--------+--------+-----+--------+

Top non-repeatable levels by time:
     D:6: 341 daAuts
     D:5: 92 daAuts
